TOP OF THE 1ST |
Logan Swans batting - Pitching for Santa Anna Dukes : RHP Troy Perkins
|
Pitching: RHP Troy Perkins
|
|
Batting: RHB Víctor Cuevas
|
0-0: Swinging Strike 0-1: Ball 1-1: Called Strike 1-2: Strikes out swinging
|
Batting: LHB Abraham Horton
|
0-0: Ball 1-0: Ball 2-0: Called Strike 2-1: Ball 3-1: Swinging Strike 3-2: Fly out, F7 (Flyball, 7)
|
Batting: RHB Joe Roberts
|
0-0: Ball 1-0: TRIPLE (Flyball, 8LD)
|
Batting: SHB Torajiro Ito
|
0-0: Called Strike 0-1: Ball 1-1: Swinging Strike 1-2: Strikes out swinging
|
Top of the 1st over - 0 run(s), 1 hit(s), 0 error(s), 1 left on base; Logan 0 - Santa Anna 0 |
BOTTOM OF THE 1ST |
Santa Anna Dukes batting - Pitching for Logan Swans : LHP Jeremy Winston
|
Pitching: LHP Jeremy Winston
|
|
Batting: RHB Jesús Velásquez
|
0-0: Ball 1-0: Ball 2-0: Fly out, F8 (Flyball, 8LS)
|
Batting: RHB Allen Barlow
|
0-0: Ball 1-0: Called Strike 1-1: Called Strike 1-2: Strikes out looking
|
Batting: SHB Kel Davis
|
0-0: Single, Error in OF, E7, batter to second base
|
Batting: RHB John Hutchins
|
0-0: Ball 1-0: Ball 2-0: Foul Ball, location: 2F 2-1: Ball 3-1: Fly out, F9 (Flyball, 9)
|
Bottom of the 1st over - 0 run(s), 1 hit(s), 1 error(s), 1 left on base; Logan 0 - Santa Anna 0 |
TOP OF THE 2ND |
Logan Swans batting - Pitching for Santa Anna Dukes : RHP Troy Perkins
|
Batting: LHB Francisco Ríos
|
0-0: Foul Ball, location: 2F 0-1: Foul Ball, location: 2F 0-2: Ground out 6-3 (Groundball, 6)
|
Batting: RHB Jesús Farías
|
0-0: Foul Ball, location: 2F 0-1: Ball 1-1: Called Strike 1-2: Ball 2-2: Ball 3-2: Strikes out swinging
|
Batting: LHB Bob Coztana
|
0-0: Ball 1-0: Ball 2-0: Swinging Strike 2-1: Ground out 4-3 (Groundball, 4)
|
Top of the 2nd over - 0 run(s), 0 hit(s), 0 error(s), 0 left on base; Logan 0 - Santa Anna 0 |
BOTTOM OF THE 2ND |
Santa Anna Dukes batting - Pitching for Logan Swans : LHP Jeremy Winston
|
Batting: RHB William Elliott
|
0-0: Called Strike 0-1: SINGLE (Groundball, 3D)
|
Batting: RHB Tom Fisher
|
0-0: Ball 1-0: Grounds into double play, 6-4-3 (Groundball, 6)
|
Batting: RHB Jorge García
|
0-0: Called Strike 0-1: SINGLE (Groundball, 4MD)
|
Batting: RHB Ken Pérez
|
0-0: Called Strike 0-1: Called Strike 0-2: Ball 1-2: Ball 2-2: Ball Passed Ball! Jorge García to second 3-2: Strikes out swinging
|
Bottom of the 2nd over - 0 run(s), 2 hit(s), 0 error(s), 1 left on base; Logan 0 - Santa Anna 0 |
TOP OF THE 3RD |
Logan Swans batting - Pitching for Santa Anna Dukes : RHP Troy Perkins
|
Batting: LHB Darrell Beard
|
0-0: Fly out, F9 (Line Drive, 9)
|
Batting: RHB Francisco Durango
|
0-0: Ball 1-0: Ball 2-0: Called Strike 2-1: Foul Ball, location: 2F 2-2: Strikes out swinging
|
Batting: RHB Víctor Cuevas
|
0-0: Ball 1-0: Swinging Strike 1-1: Foul Ball, location: 2F 1-2: Foul Ball, location: 2F 1-2: Foul Ball, location: 2F 1-2: Strikes out swinging
|
Top of the 3rd over - 0 run(s), 0 hit(s), 0 error(s), 0 left on base; Logan 0 - Santa Anna 0 |
BOTTOM OF THE 3RD |
Santa Anna Dukes batting - Pitching for Logan Swans : LHP Jeremy Winston
|
Batting: RHB Donald Barrett
|
0-0: Ball 1-0: Ball 2-0: Called Strike 2-1: Foul Ball, location: 2F 2-2: Strikes out swinging
|
Batting: RHB Jesús Velásquez
|
0-0: Ball 1-0: SINGLE (Line Drive, 4MD)
|
Batting: RHB Allen Barlow
|
0-0: Ground out 6-3 (Groundball, 6S) Jesús Velásquez to second
|
Batting: SHB Kel Davis
|
0-0: Ball 1-0: SINGLE (Flyball, 78S) Jesús Velásquez to third Runner from 3rd tries for Home, SAFE, no throw
|
Batting: RHB John Hutchins
|
0-0: Ball 1-0: Ball 2-0: Ground out U3 (Groundball, 34)
|
Bottom of the 3rd over - 1 run(s), 2 hit(s), 0 error(s), 1 left on base; Logan 0 - Santa Anna 1 |
TOP OF THE 4TH |
Logan Swans batting - Pitching for Santa Anna Dukes : RHP Troy Perkins
|
Batting: LHB Abraham Horton
|
0-0: SINGLE (Groundball, 15) (infield hit)
|
Batting: RHB Joe Roberts
|
0-0: Ball Abraham Horton is caught stealing 2nd base 1-0: Called Strike 1-1: Ball 2-1: Hit by Pitch
|
Batting: SHB Torajiro Ito
|
0-0: Fly out, F8 (Flyball, 8RD)
|
Batting: LHB Francisco Ríos
|
0-0: Called Strike 0-1: Foul Ball, location: 2F 0-2: Ball 1-2: Strikes out looking
|
Top of the 4th over - 0 run(s), 1 hit(s), 0 error(s), 1 left on base; Logan 0 - Santa Anna 1 |
BOTTOM OF THE 4TH |
Santa Anna Dukes batting - Pitching for Logan Swans : LHP Jeremy Winston
|
Batting: RHB William Elliott
|
0-0: Swinging Strike 0-1: Ball 1-1: Ball 2-1: Swinging Strike 2-2: Ball 3-2: Base on Balls
|
Batting: RHB Tom Fisher
|
0-0: Foul Ball, location: 2F 0-1: Called Strike 0-2: Foul Ball, location: 2F 0-2: Ball 1-2: Ball 2-2: Strikes out looking
|
Batting: RHB Jorge García
|
0-0: Called Strike William Elliott steals 2nd base 0-1: Ball 1-1: Ball 2-1: TRIPLE (Groundball, 5L) William Elliott scores
|
Batting: RHB Ken Pérez
|
0-0: Swinging Strike 0-1: Foul Ball, location: 2F 0-2: Fly out, F9 (Flyball, 9) Runner from 3rd tags up, SCORES, throw made
|
Batting: RHB Donald Barrett
|
0-0: Called Strike 0-1: Called Strike 0-2: Ball 1-2: Strikes out swinging
|
Bottom of the 4th over - 2 run(s), 1 hit(s), 0 error(s), 0 left on base; Logan 0 - Santa Anna 3 |
TOP OF THE 5TH |
Logan Swans batting - Pitching for Santa Anna Dukes : RHP Troy Perkins
|
Batting: RHB Jesús Farías
|
0-0: Ball 1-0: Foul Ball, location: 2F 1-1: Called Strike 1-2: Strikes out looking
|
Batting: LHB Bob Coztana
|
0-0: Ball 1-0: Called Strike 1-1: Ball 2-1: Ball 3-1: SINGLE (Line Drive, 6MD)
|
Batting: LHB Darrell Beard
|
0-0: Called Strike 0-1: Ball 1-1: Grounds into double play, 4-6-3 (Groundball, 4)
|
Top of the 5th over - 0 run(s), 1 hit(s), 0 error(s), 0 left on base; Logan 0 - Santa Anna 3 |
BOTTOM OF THE 5TH |
Santa Anna Dukes batting - Pitching for Logan Swans : LHP Jeremy Winston
|
Batting: RHB Jesús Velásquez
|
0-0: Ground out 5-3 (Groundball, 56)
|
Batting: RHB Allen Barlow
|
0-0: Ground out 1-3 (Groundball, P)
|
Batting: SHB Kel Davis
|
0-0: Called Strike 0-1: Ball 1-1: Swinging Strike 1-2: Ball 2-2: Strikes out swinging
|
Bottom of the 5th over - 0 run(s), 0 hit(s), 0 error(s), 0 left on base; Logan 0 - Santa Anna 3 |
TOP OF THE 6TH |
Logan Swans batting - Pitching for Santa Anna Dukes : RHP Troy Perkins
|
Batting: RHB Francisco Durango
|
0-0: Swinging Strike 0-1: Ball 1-1: Foul Ball, location: 2F 1-2: Foul Ball, location: 2F 1-2: Ball 2-2: Fly out, F9 (Flyball, 9)
|
Batting: RHB Víctor Cuevas
|
0-0: Fly out, F9 (Flyball, 9LM)
|
Batting: LHB Abraham Horton
|
0-0: Swinging Strike 0-1: Foul Ball, location: 2F 0-2: Ball 1-2: Strikes out swinging
|
Top of the 6th over - 0 run(s), 0 hit(s), 0 error(s), 0 left on base; Logan 0 - Santa Anna 3 |
BOTTOM OF THE 6TH |
Santa Anna Dukes batting - Pitching for Logan Swans : LHP Jeremy Winston
|
Batting: RHB John Hutchins
|
0-0: Ball 1-0: SINGLE (Groundball, 56D)
|
Batting: RHB William Elliott
|
0-0: Ball 1-0: Ball John Hutchins steals 2nd base 2-0: Intentional Walk
|
Batting: RHB Tom Fisher
|
0-0: Called Strike 0-1: Swinging Strike 0-2: Strikes out swinging
|
Batting: RHB Jorge García
|
0-0: Ball 1-0: Called Strike 1-1: Ball 2-1: Fly out, F8 (Flyball, 8LM)
|
Pitching: RHP Eduardo Rivera
|
|
Batting: RHB Ken Pérez
|
0-0: Fly out, F8 (Flyball, 8LM)
|
Bottom of the 6th over - 0 run(s), 1 hit(s), 0 error(s), 2 left on base; Logan 0 - Santa Anna 3 |
TOP OF THE 7TH |
Logan Swans batting - Pitching for Santa Anna Dukes : RHP Troy Perkins
|
Batting: RHB Joe Roberts
|
0-0: Called Strike 0-1: Called Strike 0-2: DOUBLE (Line Drive, 89M)
|
Batting: SHB Torajiro Ito
|
0-0: Ball 1-0: Called Strike 1-1: DOUBLE (Line Drive, 9LS) Joe Roberts scores
|
Pitching: RHP Pat Wright
|
|
Batting: LHB Francisco Ríos
|
0-0: Ball 1-0: Ball 2-0: Ball 3-0: Called Strike 3-1: Called Strike 3-2: Ground out 5-3 (Groundball, 56S) Torajiro Ito to third
|
Batting: RHB Jesús Farías
|
0-0: SINGLE (Flyball, 78M) Torajiro Ito scores
|
Pinch Hitting: RHB Carlos Escobar
|
0-0: Called Strike 0-1: Fly out, F9 (Flyball, 89S)
|
Pinch Hitting: RHB Joe Meads
|
0-0: Foul Ball, location: 2F 0-1: Called Strike 0-2: Ball 1-2: Strikes out looking
|
Top of the 7th over - 2 run(s), 3 hit(s), 0 error(s), 1 left on base; Logan 2 - Santa Anna 3 |
BOTTOM OF THE 7TH |
Santa Anna Dukes batting - Pitching for Logan Swans : RHP Eduardo Rivera
|
Now at 2B: Joe Meads
|
|
Now at SS: Carlos Escobar
|
|
Batting: RHB Donald Barrett
|
0-0: Called Strike 0-1: Ball 1-1: Foul Ball, location: 2F 1-2: Strikes out swinging
|
Batting: RHB Jesús Velásquez
|
0-0: Ball 1-0: Ball 2-0: Ball 3-0: Base on Balls
|
Pinch Hitting: LHB John Miller
|
0-0: Ball 1-0: Ball 2-0: Ball 3-0: Called Strike 3-1: Base on Balls Jesús Velásquez to second
|
Batting: SHB Kel Davis
|
0-0: Called Strike 0-1: Foul Ball, location: 2F 0-2: Ball 1-2: Ball 2-2: Ball 3-2: Strikes out swinging
|
Batting: RHB John Hutchins
|
0-0: Called Strike Jesús Velásquez is caught stealing 3rd base
|
Bottom of the 7th over - 0 run(s), 0 hit(s), 0 error(s), 0 left on base; Logan 2 - Santa Anna 3 |
TOP OF THE 8TH |
Logan Swans batting - Pitching for Santa Anna Dukes : RHP Pat Wright
|
Pitching: RHP Christian Coleman
|
|
Now at 1B: Amdre Casse
|
|
Now at SS: Alberto Morín
|
|
Batting: RHB Francisco Durango
|
0-0: Ground out 5-3 (Groundball, 56S)
|
Batting: RHB Víctor Cuevas
|
0-0: Swinging Strike 0-1: Foul Ball, location: 2F 0-2: Strikes out looking
|
Pitching: RHP Ron Franklin
|
|
Batting: LHB Abraham Horton
|
0-0: Ball 1-0: Swinging Strike 1-1: Foul Ball, location: 2F 1-2: Ball 2-2: Ground out 5-3 (Groundball, 56S)
|
Top of the 8th over - 0 run(s), 0 hit(s), 0 error(s), 0 left on base; Logan 2 - Santa Anna 3 |
BOTTOM OF THE 8TH |
Santa Anna Dukes batting - Pitching for Logan Swans : RHP Eduardo Rivera
|
Batting: RHB John Hutchins
|
0-0: Ball 1-0: Called Strike 1-1: Fly out, F6 (Line Drive, 6)
|
Batting: RHB William Elliott
|
0-0: Called Strike 0-1: Ball 1-1: Ball 2-1: Foul Ball, location: 2F 2-2: Ball 3-2: Foul Ball, location: 2F 3-2: Foul Ball, location: 2F 3-2: Base on Balls
|
Pinch Hitting: RHB Brent Allen
|
0-0: Called Strike 0-1: Ball 1-1: Foul Ball, location: 2F 1-2: Strikes out swinging
|
Pinch Hitting: LHB Kevin Grimes
|
0-0: Ball William Elliott steals 2nd base 1-0: Ball 2-0: Called Strike 2-1: Foul Ball, location: 2F 2-2: Ball 3-2: Strikes out swinging
|
Bottom of the 8th over - 0 run(s), 0 hit(s), 0 error(s), 1 left on base; Logan 2 - Santa Anna 3 |
TOP OF THE 9TH |
Logan Swans batting - Pitching for Santa Anna Dukes : RHP Ron Franklin
|
Pitching: RHP Juan Martínez
|
|
Now at 3B: Jerry Young
|
|
Now in LF: Kevin Grimes
|
|
Batting: RHB Joe Roberts
|
0-0: Called Strike 0-1: Ball 1-1: Fly out, F6 (Popup, 56)
|
Batting: SHB Torajiro Ito
|
0-0: Ball 1-0: Foul Ball, location: 2F 1-1: Called Strike 1-2: Fly out, F8 (Line Drive, 8RXD)
|
Batting: LHB Francisco Ríos
|
0-0: Ball 1-0: SINGLE (Flyball, 9S)
|
Batting: RHB Jesús Farías
|
0-0: Ball 1-0: Ball 2-0: Foul Ball, location: 2F 2-1: Foul Ball, location: 2F 2-2: Ball Wild Pitch! Francisco Ríos to second 3-2: Fly out, F7 (Flyball, 7)
|
Top of the 9th over - 0 run(s), 1 hit(s), 0 error(s), 1 left on base; Logan 2 - Santa Anna 3 |
|